 Dungeon Crawl Stone Soup version 0.27.1-33-g824d729ab1 (webtiles) character file.

Game seed: 11260672257513976199

2107 lonewolfV2 the Protected (level 9, -4/75 HPs)
             Began as a Minotaur Fighter on Dec 15, 2021.
             Was an Initiate of Ashenzari.
             Slain by Erolcha (26 damage)
             ... on level 9 of the Dungeon.
             The game lasted 00:14:29 (7036 turns).

lonewolfV2 the Protected (Minotaur Fighter)         Turns: 7036, Time: 00:14:29

Health: -4/75      AC:  8    Str: 22    XL:     9   Next: 7%
Magic:  8/8        EV: 10    Int:  5    God:    Ashenzari [......]
Gold:   489        SH: 11    Dex: 12    Spells: 8/8 levels left

rFire    x . .     SeeInvis +   a - +3 flail
rCold    + . .     Faith    .   c - +0 kite shield
rNeg     . . .     Spirit   .   b - +0 scale mail
rPois    .         Reflect  .   (helmet restricted)
rElec    .         Harm     .   (no cloak)
rCorr    .         Rampage  .   (no gloves)
Will     .....                  (no boots)
Stlth    ..........             f - amulet of magic regeneration
HPRegen  0.22/turn              q - ring of ice
MPRegen  0.36/turn              s - ring of see invisible

@: mighty, about to teleport
A: horns 2, retaliatory headbutt
a: Renounce Religion, Curse Item


You were on level 9 of the Dungeon.
You worshipped Ashenzari.
Ashenzari was noncommittal.
You visited 2 branches of the dungeon, and saw 10 of its levels.

You collected 489 gold pieces.

Inventory:

Hand Weapons
 a - a +3 flail (weapon)
Armour
 b - a +0 scale mail (worn)
 c - a +0 kite shield (worn)
Jewellery
 f - an amulet of magic regeneration (around neck)
 q - a ring of ice (left hand)
 s - a ring of see invisible (right hand)
Wands
 p - a wand of iceblast (24)
 u - a wand of flame (19)
Scrolls
 g - a scroll of teleportation
 k - 2 scrolls of fear
 m - 2 scrolls of blinking
 r - a scroll of enchant weapon
 t - a scroll of enchant armour
Potions
 e - a potion of attraction
 h - 3 potions of flight
 i - a potion of lignification
 l - a potion of invisibility
 n - a potion of brilliance
 o - a potion of magic


   Skills:
 + Level 6.2 Fighting
 + Level 7.9 Maces & Flails
 + Level 8.2 Armour
 + Level 3.8 Dodging
 + Level 1.2 Stealth
 + Level 7.4 Shields


You had 8 spell levels left.
You didn't know any spells.
Your spell library contained the following spells:

 Spells                   Type           Power      Damage    Failure   Level
 Summon Small Mammal      Summ           0%         N/A       97%         1
 Ensorcelled Hibernation  Hex/Ice        0%         N/A       99%         2
 Sublimation of Blood     Necr           0%         N/A       99%         2
 Wereblood                Tmut           0%         N/A       99%         2
 Call Canine Familiar     Summ           0%         N/A       100%        3
 Spider Form              Tmut/Pois      0%         N/A       100%        3
 Summon Guardian Golem    Hex/Summ       0%         N/A       100%        3
 Animate Armour           Summ/Erth      0%         N/A       100%        4
 Animate Dead             Necr           0%         N/A       100%        4
 Blade Hands              Tmut           0%         N/A       100%        5
 Borgnjor's Vile Clutch   Necr/Erth      0%         N/A       100%        5
 Fireball                 Conj/Fire      0%         3d3       100%        5
 Iskenderun's Battlesphe  Conj           0%         2d6       100%        5
 Death Channel            Necr           0%         N/A       100%        6
 Iron Shot                Conj/Erth      0%         9d1       100%        6
 Shadow Creatures         Summ           N/A        N/A       100%        6
 Starburst                Conj/Fire      0%         6d3       100%        6
 Spellforged Servitor     Conj/Summ      0%         N/A       100%        7
 Summon Hydra             Summ           0%         N/A       100%        7
 Ignition                 Fire           0%         3d3       100%        8


Dungeon Overview and Level Annotations

Branches:
Dungeon (9/15)             Temple (1/1) D:5             Orc (0/2) D:9
   Lair: D:8-11

Altars:
Ashenzari
Cheibriados
Elyvilon
Fedhas
Hepliaklqana
Kikubaaqudgha
Makhleb
Okawaru
Qazlal
Ru
Sif Muna
Trog
Uskayaw
Vehumet
Wu Jian
Xom
Yredelemnul
Zin

Shops:
D:8 :

Annotations:
D:9 Erolcha


Innate Abilities, Weirdness & Mutations

You have a pair of horns on your head.
You reflexively headbutt those who attack you in melee.


Message History

You kill the centaur!
You block the orc warrior's attack.
An orc comes into view. It is wielding a +2 vampiric dagger.
The orc shouts!
The orc warrior hits you with a +0 trident!
Things that are here:
a +0 shortbow; 22 arrows; a centaur corpse You hit the orc warrior.
The orc warrior is lightly wounded.
The orc warrior hits you with a +0 trident!
You hit the orc warrior.
The orc warrior is moderately wounded.
The orc warrior hits you with a +0 trident!
You block the orc warrior's attack.
You see here a +0 hand axe.
The orc warrior barely misses you.
Things that are here:
a +0 shortbow; 22 arrows; a centaur corpse You closely miss the orc warrior.
Your headbutt misses the orc warrior.
The orc warrior is moderately wounded.
The orc warrior closely misses you.
An orc warrior comes into view. It is wielding a +0 scimitar.
You closely miss the orc warrior.
The orc warrior is moderately wounded.
The orc warrior shouts!
The orc warrior closely misses you.
Erolcha casts a spell.
Erolcha blinks!
An orc comes into view. It is wielding a +0 club.
You block the orc warrior's attack.
You feel better.
The orc shouts!
The orc warrior hits you with a +0 trident!
You feel very mighty all of a sudden. Erolcha hits you with a +0 giant club!
* * * LOW HITPOINT WARNING * * *
You block the orc warrior's attack.
As you read the scroll of teleportation, it crumbles to dust.
You feel strangely unstable. Erolcha hits you with a +0 giant club!!
You die...

.########
........#
.######O#
#@# ##o##
.#####ooo##
......oo..#
.###..o...#
#...o.<#
#......#
#......#
###.##.#


You could see Erolcha (invisible), 2 orc warriors and 6 orcs.

Vanquished Creatures
  A wyvern (D:8)
  Menkaure (D:6)
  An acid dragon (D:8)
  A black bear (D:5)
  An ice beast (D:5)
  2 sky beasts (D:7)
  4 centaurs
  2 kobold brigands
  Blork the orc (D:4)
  2 bullfrogs (D:7)
  3 wights (D:8)
  2 howler monkeys (D:7)
  A centaur zombie (D:6)
  A centaur skeleton (D:7)
  An orc priest (D:3)
  4 hounds
  A bullfrog skeleton (D:6)
  Ijyb (D:4)
  An orc wizard (D:7)
  Terence (D:2)
  2 killer bee zombies
  A hound skeleton (D:2)
  Robin (D:2)
  3 adders
  2 white imps (D:7)
  An ufetubus (D:6)
  A worm (D:2)
  11 orcs
  7 ball pythons
  7 bats
  3 endoplasms
  5 giant cockroaches
  18 goblins
  8 hobgoblins
  10 kobolds
  3 quokkas
  A frilled lizard (D:2)
  4 rats
120 creatures vanquished.

Notes
Turn   | Place    | Note
-------+----------+-------------------------------------------
     0 | D:1      | lonewolfV2 the Minotaur Fighter began the quest for the
                  | Orb.
     0 | D:1      | Reached XP level 1. HP: 19/19 MP: 0/0
   161 | D:1      | Found a faded altar of an unknown god.
   175 | D:1      | Reached XP level 2. HP: 27/27 MP: 1/1
   269 | D:1      | Reached skill level 4 in Armour
   751 | D:2      | Reached XP level 3. HP: 30/33 MP: 2/2
   889 | D:2      | Noticed Robin
   899 | D:2      | Killed Robin
   900 | D:2      | Reached XP level 4. HP: 24/40 MP: 3/3
   902 | D:2      | Reached skill level 1 in Dodging
  1221 | D:2      | Noticed Terence
  1232 | D:2      | Killed Terence
  1742 | D:3      | Reached XP level 5. HP: 19/47 MP: 4/4
  2513 | D:4      | Found a shimmering blue altar of Sif Muna.
  2513 | D:4      | Noticed Ijyb
  2513 | D:4      | Noticed Blork the orc
  2518 | D:4      | Killed Ijyb
  2520 | D:4      | Killed Blork the orc
  2611 | D:5      | Entered Level 5 of the Dungeon
  2633 | D:5      | Noticed an ice beast
  2635 | D:5      | Reached XP level 6. HP: 51/53 MP: 5/5
  2639 | D:5      | Killed an ice beast
  2640 | D:5      | Reached skill level 5 in Maces & Flails
  2640 | D:5      | Reached skill level 5 in Shields
  2821 | D:5      | Reached skill level 5 in Armour
  2946 | D:5      | Reached skill level 5 in Fighting
  2946 | D:5      | Reached XP level 7. HP: 53/61 MP: 6/6
  2996 | D:5      | Found a staircase to the Ecumenical Temple.
  3040 | Temple   | Entered the Ecumenical Temple
  3234 | Temple   | Became a worshipper of Elyvilon the Healer
  3390 | D:6      | Noticed Menkaure
  3395 | D:6      | Killed Menkaure
  3563 | D:6      | Found a broken altar of Ashenzari.
  3573 | D:6      | Fell from the grace of Elyvilon
  3573 | D:6      | Became a worshipper of Ashenzari the Shackled
  3617 | D:6      | Reached skill level 6 in Armour
  3766 | D:6      | Found a stormy altar of Qazlal.
  4701 | D:7      | Reached XP level 8. HP: 69/69 MP: 7/7
  4755 | D:7      | Reached skill level 7 in Armour
  4857 | D:7      | Reached skill level 1 in Stealth
  6547 | D:8      | Found Pajelez's Book Shop.
  6695 | D:8      | Found a sacrificial altar of Ru.
  6742 | D:8      | Found a basalt altar of Yredelemnul.
  6742 | D:8      | Found a hazy altar of Hepliaklqana.
  6743 | D:8      | Found a bloodstained altar of Trog.
  6760 | D:8      | Reached skill level 8 in Armour
  6762 | D:8      | Reached XP level 9. HP: 27/75 MP: 8/8
  7009 | D:9      | Found a staircase to the Orcish Mines.
  7009 | D:9      | Noticed Erolcha
  7036 | D:9      | Slain by Erolcha

Illustrated notes

Levels and vault maps discovered:
D:1:      eino_arrival_druids_welcome, layout_rooms,
          hellmonk_ecumenical_altar_crossroads, minmay_bisected
D:2:      minmay_skewed_foursquare, layout_basic, uniq_robin, uniq_terence
D:3:      layout_basic
D:4:      layout_gridville, led_sif_pool, uniq_ijyb, uniq_blork_the_orc
D:5:      layout_basic, mainiacjoe_overflow_cross_hatched,
          minmay_temple_entry_offerings, minmay_misc_feat_nine_boxes,
          kennysheep_crisscross, nicolae_wooded_promenade, grunt_ministairs_9
D:6:      layout_loops_ring, mainiacjoe_overflow_small_starburst,
          nicolae_qazlal_scattered_showers, kennysheep_generic_room_9,
          uniq_menkaure
D:7:      layout_basic
D:8:      layout_basic, nicolae_ru_path_of_blood,
          chequers_temple_overflow_statue_of_worship, serial_shops,
          kennysheep_mini_moat, interstate_on_off
D:9:      minmay_diamond_stairs, layout_loops_ring, erik_lair_island,
          orc_david_3, uniq_erolcha
Temple:   hc_temple_tempest_star

Skill      XL: |  1  2  3  4  5  6  7  8 |
---------------+-------------------------+-----
Armour         | 4 5 6 8 |  8.2
Shields        | 4 5 6 7 |  7.4
Fighting       | 4 5 6 |  6.2
Maces & Flails | 3 4 5 6 7 |  7.9
Dodging        | 1 2 3 |  3.8
Stealth        | 1 |  1.2

Action                   |  1- 3 |  4- 6 |  7- 9 || total
-------------------------+-------+-------+-------++-------
Melee: Flail             |    81 |   107 |   151 ||   339
       Headbutt          |     7 |    19 |    29 ||    55
  Use: Scroll            |       |     4 |     8 ||    12
       Potion            |       |       |     7 ||     7
Armor: Scale mail        |    58 |    51 |    82 ||   191
Dodge: Dodged            |    45 |    37 |    83 ||   165
Block: Kite shield       |    70 |    67 |   136 ||   273
